 Dungeon Sprint DCSS version 0.30-a0-1161-g0704695555 (webtiles) character file.

Game seed: 18175648266702314820

1400000 123456 the Acrobat (level 14, -7/124 HPs)
             Began as a Demonspawn Gladiator on Apr 27, 2023.
             Was a Priest of Makhleb.
             Mangled by a meat berserker
             ... wielding a +9 battleaxe
              (82 damage)
             ... in the Dungeon (Sprint VIII: "Arena of Blood").
             The game lasted 00:00:18 (14 turns).

123456 the Acrobat (Demonspawn Gladiator)             Turns: 14, Time: 00:00:18

Health: -7/124     AC:  6    Str: 14    XL:     14   Next: 60%
Magic:  14/14      EV: 28    Int: 10    God:    Makhleb [***...]
Gold:   0          SH:  0    Dex: 20    Spells: 13/13 levels left

rFire   . . .        k - +∞ Axe of Woe
rCold   . . .        (shield currently unavailable)
rNeg    . . .        a - +0 leather armour
rPois   .            b - +0 helmet
rElec   .            (no cloak)
rCorr   .            (no gloves)
SInv    .            (no boots)
Will    +....        (no amulet)
Stlth   +            (no ring)
HPRegen 0.40/turn    (no ring)
MPRegen 0.14/turn

%: no teleportation
@: no status effects
A: slimy green scales 1, foul stench 3, demonic touch 1
a: Renounce Religion, Minor Destruction, Lesser Servant of Makhleb


You were in the Dungeon.
You worshipped Makhleb.
Makhleb was most pleased with you.
You visited 1 branch

Inventory:

Hand Weapons
 k - the +∞ Axe of Woe (weapon)
   (You found it in the Dungeon)
Missiles
 c - 3 throwing nets (quivered)
 d - a javelin
Armour
 a - a +0 leather armour (worn)
 b - a +0 helmet (worn)
Scrolls
 j - a scroll of blinking
Potions
 e - a potion of curing
 f - a potion of heal wounds
 g - a potion of haste
 h - 2 potions of magic
 i - a potion of berserk rage


   Skills:
 + Level 15.9 Fighting
 + Level 11.8 Axes
 + Level 11.8 Throwing
 + Level 22.8 Dodging
 + Level 22.8 Unarmed Combat


You had 13 spell levels left.
You didn't know any spells.
Your spell library was empty.

Dungeon Overview and Level Annotations

Branches:
Dungeon (1/1)

Altars:
Makhleb


Innate Abilities, Weirdness & Mutations

You are partially covered in slimy green scales. (AC +2)
You frequently emit foul miasma when damaged in melee.
Your touch may inflict minor irresistible damage on your foes.


Message History

A meat berserker comes into view. It is wielding a +9 battleaxe.
You hear a shout! x4; The bag of meat shouts!
Your Fighting skill increases to level 14!
Your Axes skill gained 2 levels and is now at level 10!
Your Throwing skill increases to level 11!
Your Dodging skill increases to level 21!
Your Unarmed Combat skill increases to level 21!
You have reached level 14!
Your demonic ancestry asserts itself...
You begin to radiate miasma.
You slash the meat berserker!
You hew the meat berserker savagely.
You kill the meat berserker!
Makhleb accepts your kill.
The meat berserker appears out of thin air!
A meat berserker comes into view. It is wielding a +9 battleaxe.
The meat berserker shouts!
You hear a shout! x6
The meat berserker rages.
You hear a shout!
A meat berserker comes into view. It is wielding a +9 battleaxe.
You hear a shout! x6
The meat berserker hits you with a +9 battleaxe!!!
You hear a shout!
A bag of meat comes into view. It is wielding a +9 war axe. x2
Your Fighting skill increases to level 15!
Your Axes skill increases to level 11!
Your Dodging skill increases to level 22!
Your Unarmed Combat skill increases to level 22!
Unknown command.
The bag of meat shouts!
You hit the meat berserker.
You chop the meat berserker into pieces.
You kill the meat berserker!
Makhleb accepts your kill.
You can now summon a lesser servant of Makhleb.
You hear a shout!
The meat berserker rages.
You hear a shout! x7
The meat berserker hits you with a +9 battleaxe!!!!
Ouch! That really hurt!
You die...

......... .
......... ..
......... ...
#.......# ...o
#.......# .....
.###.......###......
......###)))@OO.oO..
......_....)O..o...
.#.....#.O.....#.
#_.<._#.........
#.....#......#.#
......_............
.....o###.........#.
.###.. ...###.....
#.. ...# .....


You could see 5 meat berserkers and 4 bags of meat.

Vanquished Creatures
  3 ogres (D)
  5 orcs (D)
8 creatures vanquished.

Notes
Turn   | Place    | Note
-------+----------+-------------------------------------------
     0 | D        | Found the +∞ Axe of Woe
     0 | D        | 123456 the Demonspawn Gladiator began the quest for the
                  | Orb.
     0 | D        | Reached XP level 1. HP: 16/16 MP: 1/1
     2 | D        | Noticed a bag of meat
     3 | D        | Noticed a bag of meat
     4 | D        | Became a worshipper of Makhleb the Destroyer
     4 | D        | Noticed a bag of meat
     4 | D        | Noticed a bag of meat
     5 | D        | Noticed a bag of meat
     6 | D        | Noticed a meat berserker
     7 | D        | Killed a meat berserker
     7 | D        | Killed a bag of meat
     7 | D        | Reached * piety under Makhleb
     8 | D        | Gained mutation: You are partially covered in slimy green
                  | scales. (AC +2) [demonic ancestry]
     8 | D        | Reached XP level 2. HP: 38/38 MP: 2/2
     8 | D        | Gained mutation: Your touch may inflict minor irresistible
                  | damage on your foes. [demonic ancestry]
     8 | D        | Reached XP level 3. HP: 44/44 MP: 3/3
     8 | D        | Reached XP level 4. HP: 51/51 MP: 4/4
     8 | D        | Gained mutation: You may rarely emit foul miasma when
                  | damaged in melee. [demonic ancestry]
     8 | D        | Reached XP level 5. HP: 57/57 MP: 5/5
     8 | D        | Reached XP level 6. HP: 64/64 MP: 6/6
     8 | D        | Reached XP level 7. HP: 69/69 MP: 7/7
     8 | D        | Reached XP level 8. HP: 76/76 MP: 8/8
     8 | D        | Gained mutation: You sometimes emit foul miasma when
                  | damaged in melee. [demonic ancestry]
     8 | D        | Reached XP level 9. HP: 82/82 MP: 9/9
     8 | D        | Reached XP level 10. HP: 89/89 MP: 10/10
     8 | D        | Reached XP level 11. HP: 95/95 MP: 11/11
     8 | D        | Reached XP level 12. HP: 102/102 MP: 12/12
     8 | D        | Killed a bag of meat
     9 | D        | Reached skill level 10 in Throwing
     9 | D        | Reached XP level 13. HP: 109/109 MP: 13/13
     9 | D        | Noticed a bag of meat
     9 | D        | Noticed a meat berserker
    10 | D        | Noticed a meat berserker
    10 | D        | Noticed a meat berserker
    11 | D        | Killed a bag of meat
    11 | D        | Noticed a bag of meat
    11 | D        | Noticed a bag of meat
    12 | D        | Killed a bag of meat
    12 | D        | Reached ** piety under Makhleb
    12 | D        | Killed a bag of meat
    12 | D        | Noticed a meat berserker
    12 | D        | Noticed a bag of meat
    12 | D        | Noticed a bag of meat
    12 | D        | Noticed a meat berserker
    13 | D        | Reached skill level 10 in Axes
    13 | D        | Gained mutation: You frequently emit foul miasma when
                  | damaged in melee. [demonic ancestry]
    13 | D        | Reached XP level 14. HP: 121/121 MP: 14/14
    13 | D        | Killed a meat berserker
    13 | D        | Noticed a meat berserker
    13 | D        | Noticed a meat berserker
    13 | D        | Noticed a bag of meat
    13 | D        | Noticed a bag of meat
    14 | D        | Reached skill level 15 in Fighting
    14 | D        | Killed a meat berserker
    14 | D        | Reached *** piety under Makhleb
    14 | D        | Mangled by a meat berserker

Illustrated notes

Levels and vault maps discovered:
D:        meatsprint

Skill      XL: |  1  2  3  4  5  6  7  8  9 10 11 12 13 14 |
---------------+-------------------------------------------+-----
Fighting       | 11 12 14 15 | 15.9
Axes           | 6 7 10 11 | 11.8
Throwing       | 9 10 11 | 11.8
Dodging        | 18 19 21 22 | 22.8
Unarmed Combat | 18 19 21 22 | 22.8

Action                     |  1- 3 |  4- 6 |  7- 9 | 10-12 | 13-15 || total
---------------------------+-------+-------+-------+-------+-------++-------
  Melee: Executioner's axe |     1 |       |       |     1 |     4 ||     6
  Dodge: Dodged            |       |       |       |       |     2 ||     2

Table legend: (Time is in decaauts)
 A = Elapsed time spent in this place.
 B = Non-inter-level travel time spent in this place.
 C = Inter-level travel time spent in this place.
 D = Time resting spent in this place.
 E = Time spent auto-exploring this place.
 F = Levels seen in this place.
 G = Mean time per level.
                   A        B        C        D        E       F      G
               +--------+--------+--------+--------+--------+-----+--------+
         Total |     16 |     16 |      0 |      0 |      0 |   1 |   16.0 |
       Dungeon |     16 |     16 |      0 |      0 |      0 |   1 |   16.0 |
               +--------+--------+--------+--------+--------+-----+--------+

Top non-repeatable levels by time:
       D: 16 daAuts
